 Dungeon Crawl Stone Soup version 0.32-a0-42-ga30500b4d3 (webtiles) character file.

Game seed: 10690064266859248933

38089 Atlas the Thaumaturge (level 13, 0/104 HPs)
             Began as a Demonspawn Fire Elementalist on Jan 31, 2024.
             Was an Elder of Vehumet.
             Succumbed to barbed spike wounds
             ... on level 13 of the Dungeon.
             The game lasted 00:24:57 (14857 turns).

Atlas the Thaumaturge (DsFE)                       Turns: 14857, Time: 00:24:58

Health: 0/104      AC: 21    Str:  8    XL:     13   Next: 61%
Magic:  0/30       EV: 12    Int: 22    God:    Vehumet [****..]
Gold:   792        SH:  0    Dex: 13    Spells: 24/38 levels left

rFire   . . .        a - +8 whip "Snakebite" {venom, curare, rPois}
rCold   + . .        (no shield)
rNeg    . . .        e - +0 acid dragon scales
rPois   +            (helmet restricted)
rElec   .            z - +5 cloak of the Cuttlefish {rC+}
rCorr   +            r - +0 pair of gloves
SInv    .            S - +0 pair of boots
Will    +....        d - amulet of magic regeneration
Stlth   ++           Q - ring of willpower
HPRegen 0.37/turn    O - +4 ring of protection
MPRegen 0.84/turn

%: guardian spirit
@: spiked, studying Dodging
A: antennae 2, thin metallic scales 1, ignite blood 3, magic shield, magic
regeneration
a: Renounce Religion


You were on level 13 of the Dungeon.
You worshipped Vehumet.
Vehumet was greatly pleased with you.
You visited 2 branches of the dungeon, and saw 14 of its levels.
You also visited: Bailey.

You collected 792 gold pieces.

Inventory:

Hand Weapons
 a - the +8 whip "Snakebite" (weapon) {venom, curare, rPois}
   (You took it off Amaemon on level 11 of the Dungeon)

   rPois:     It protects you from poison
Armour
 e - +0 acid dragon scales (worn)
 r - a +0 pair of gloves (worn)
 z - the +5 cloak of the Cuttlefish (worn) {rC+}
   (You found it on level 5 of the Dungeon)

   rC+:       It protects you from cold.
 S - a +0 pair of boots (worn)
Jewellery
 d - an amulet of magic regeneration (around neck)
 v - a ring of protection from fire
 O - a +4 ring of protection (right hand)
 Q - a ring of willpower (left hand)
 R - an amulet of the acrobat
Wands
 k - a wand of mindburst (21)
 n - a wand of digging (11)
 t - a wand of quicksilver (3)
 y - a wand of polymorph (22)
 A - a wand of flame (23)
 C - a wand of paralysis (9)
Scrolls
 c - 5 scrolls of poison
 g - 2 scrolls of enchant weapon
 j - 2 scrolls of fear
 l - 8 scrolls of teleportation
 m - a scroll of enchant armour
 p - a scroll of vulnerability
 q - a scroll of blinking
 u - a scroll of amnesia
 w - a scroll of fog
 D - a scroll of torment
 H - 3 scrolls of butterflies
 I - a scroll of silence
 L - 3 scrolls of noise
 P - 2 scrolls of immolation
Potions
 b - a potion of magic
 f - 2 potions of enlightenment {unknown}
 h - 3 potions of lignification
 i - 2 potions of heal wounds
 o - 3 potions of curing
 s - 3 potions of attraction {unknown}
 x - 2 potions of invisibility {unknown}
 B - 2 potions of degeneration {unknown}
 E - 2 potions of brilliance {unknown}
 F - 3 potions of might {unknown}
 J - 4 potions of haste {unknown}
 K - 3 potions of cancellation {unknown}
 M - 2 potions of resistance {unknown}
 N - 2 potions of mutation {unknown}


   Skills:
 + Level 10.5 Fighting
 + Level 2.1 Maces & Flails
 + Level 4.8 Armour
 + Level 5.0 Dodging
 - Level 2.4 Stealth
 + Level 0.5 Unarmed Combat
 + Level 13.1 Spellcasting
 + Level 7.0 Conjurations
 + Level 12.2 Fire Magic
 + Level 0.8 Air Magic
 + Level 0.8 Alchemy


You had 24 spell levels left.
You knew the following spells:

 Your Spells              Type           Power      Damage    Failure   Level
a - Scorch                Fire           100%       2d9       1%          2
b - Foxfire               Conj/Fire      100%       2x1d9     1%          1
c - Flame Wave            Conj/Fire      54%        2d13      1%          4
d - Airstrike             Air            9%         2d(2-18)  13%         4
e - Mephitic Cloud        Conj/Alch/Air  27%        N/A       1%          3

Your spell library contained the following spells:

 Spells                   Type           Power      Damage    Failure   Level
 Magic Dart               Conj           100%       1d8       1%          1
 Momentum Strike          Conj/Tloc      58%        3d9       1%          2
 Inner Flame              Hex/Fire       41%        N/A       1%          3
 Volatile Blastmotes      Fire/Tloc      82%        2d16      1%          3
 Fulminant Prism          Conj/Alch      15%        3d10      4%          4
 Iskenderun's Mystic Bla  Conj/Tloc      29%        2d7       4%          4
 Blink                    Tloc           28%        N/A       11%         2
 Call Imp                 Summ           28%        N/A       11%         2
 Lesser Beckoning         Tloc           28%        N/A       11%         2
 Call Canine Familiar     Summ           14%        N/A       22%         3
 Sigil of Binding         Hex            14%        N/A       22%         3
 Lee's Rapid Deconstruct  Erth           7%         3d6*      45%         5
 Leda's Liquefaction      Alch/Erth      8%         N/A       52%         4
 Bombard                  Conj/Erth      14%        9d3       54%         6
 Dimensional Bullseye     Hex/Tloc       7%         N/A       58%         4


Dungeon Overview and Level Annotations

Branches:
Dungeon (13/15)            Temple (1/1) D:5            Lair (0/5) D:11
    Orc (0/2) D:11         Vaults (0/5) D:13         Bailey (visited)

Altars:
Ashenzari
Cheibriados
Dithmenos
Fedhas
Gozag
Hepliaklqana
Kikubaaqudgha
Makhleb
Nemelex Xobeh
Okawaru
Qazlal
Ru
Sif Muna
Trog
Uskayaw
Vehumet
Wu Jian
Xom
Yredelemnul

Shops:
D:2 :

Annotations:
D:13 exclusion: obsidian statue


Innate Abilities, Weirdness & Mutations

You have a pair of antennae on your head.
You are partially covered in thin metallic scales. (AC +2)
Your demonic aura causes all spilled blood to erupt in flames.
When hurt, damage is shared between your health and your magic reserves.
You regenerate magic rapidly.


Message History

The foxfire hits the red devil.
The red devil completely resists.
The foxfire hits the red devil.
The red devil completely resists.
Unknown command.
As you read the scroll of teleportation, it crumbles to dust.
You feel strangely unstable.
The red devil hits you but does no damage.
The smoke demon gestures at you. The pyre arrow misses you.
There are monsters nearby!
The red devil closely misses you.
The red devil hits you from afar with a +0 trident.
Barbed spikes become lodged in your body.
The smoke demon hits you but does no damage. x2
The smoke demon closely misses you.
The red devil hits you from afar with a +0 trident!
Barbed spikes become lodged in your body.
The smoke demon gestures at you. The pyre arrow hits you.
You are covered in intense liquid fire!
The liquid fire burns you!
* * * LOW HITPOINT WARNING * * *
Your surroundings suddenly seem different.
You are on fire!
You are on fire!
The barbed spikes dig painfully into your body as you move.
* * * LOW HITPOINT WARNING * * *
You shake off some of the fire as you move.
The liquid fire burns you!
* * * LOW HITPOINT WARNING * * *
The barbed spikes dig painfully into your body as you move.
* * * LOW HITPOINT WARNING * * *
You shake off the liquid fire.
The barbed spikes dig painfully into your body as you move.
* * * LOW HITPOINT WARNING * * *
The barbed spikes dig painfully into your body as you move.
* * * LOW HITPOINT WARNING * * *
The barbed spikes dig painfully into your body as you move.
* * * LOW HITPOINT WARNING * * *
The barbed spikes dig painfully into your body as you move.
You die...

..........................#
..........................#
..........................#
.......................)..#
..........................#
..........................#
..........................#
..........................#
............○..☼@.........#
..........................#
..........................#
.........................<#
###########################


There were no monsters in sight!

Vanquished Creatures
  8 vault guards (D:13)
  2 boulder beetles
  A hydra (D:13)
  2 centaur warriors (D:13)
  A death knight (D:13)
  7 death yaks (D:11)
  6 two-headed ogres
  Urug (D:11)
  Amaemon (D:11)
  5 skeletal warriors
  A phantasmal warrior (D:13)
  An orc knight (Bailey)
  An ugly thing (D:12)
  3 cyclopes (D:12)
  Maurice (D:7)
  3 meliai (D:13)
  Joseph (D:7)
  An orange demon (D:11)
  A kobold demonologist (D:12)
  2 rime drakes (D:11)
  A freezing wraith (D:13)
  An unseen horror (D:7)
  A komodo dragon (D:10)
  A troll (D:13)
  A hornet (D:10)
  8 slime creatures
  A centaur simulacrum (D:12)
  2 vampires
  2 shadows
  2 wraiths
  A wyvern (D:8)
  12 yaks
  A steam dragon (D:8)
  4 vampire mosquitoes
  2 acid dragons (D:9)
  3 orc warriors
  An ice beast (D:7)
  A sky beast (D:6)
  A black bear (D:4)
  A crocodile (D:6)
  4 centaurs
  A phantom (D:6)
  2 bullfrogs (D:8)
  5 kobold brigands
  A gnoll sergeant (D:5)
  3 scorpions
  A wight (D:7)
  4 killer bees (D:11)
  3 howler monkeys
  4 bombardier beetles
  A quasit (D:13)
  A gnoll bouda (D:4)
  2 hounds (D:5)
  8 orc priests
  A sleepcap (D:5)
  An iguana (D:5)
  9 orc wizards
  18 gnolls
  5 adders
  3 shadow imps
  3 white imps
  2 ufetubi (D:6)
  3 dart slugs
  49 orcs
  5 endoplasms
  6 giant cockroaches
  8 hobgoblins
  5 jackals
  8 quokkas
  6 ball pythons
  2 bats (D:3)
  13 frilled lizards
  4 goblins (D:2)
  29 kobolds
  5 rats
321 creatures vanquished.

Vanquished Creatures (others)
  2 large abominations (D:13)
  4 chaos spawn (D:13)
  1036 foxfires
1042 creatures vanquished.

Grand Total: 1363 creatures vanquished

Notes
Turn   | Place    | Note
-------+----------+-------------------------------------------
     0 | D:1      | Atlas the Demonspawn Fire Elementalist began the quest for
                  | the Orb.
     0 | D:1      | Reached XP level 1. HP: 13/13 MP: 3/3
   277 | D:1      | Gained mutation: You have a pair of small antennae on your
                  | head. [demonic ancestry]
   277 | D:1      | Reached XP level 2. HP: 4/19 MP: 1/5
   491 | D:1      | Found a faded altar of an unknown god.
   843 | D:2      | Reached XP level 3. HP: 24/24 MP: 2/6
   987 | D:2      | Found a stormy altar of Qazlal.
  1081 | D:2      | Found Zinitt's Book Shop.
  1144 | D:2      | Learned a level 2 spell: Scorch
  1655 | D:3      | Gained mutation: You regenerate magic rapidly. [demonic
                  | ancestry]
  1655 | D:3      | Reached XP level 4. HP: 17/30 MP: 4/8
  1736 | D:3      | Reached skill level 1 in Armour
  1739 | D:3      | Reached skill level 3 in Spellcasting
  1770 | D:3      | Reached XP level 5. HP: 35/35 MP: 4/9
  2316 | D:4      | Noticed a black bear
  2321 | D:4      | Killed a black bear
  2322 | D:4      | Reached skill level 4 in Spellcasting
  2322 | D:4      | Gained mutation: Your demonic aura sometimes causes spilled
                  | blood to erupt in flames. [demonic ancestry]
  2322 | D:4      | Reached XP level 6. HP: 41/41 MP: 7/12
  3186 | D:5      | Entered Level 5 of the Dungeon
  3390 | D:5      | Gained mutation: You have a pair of antennae on your head.
                  | [demonic ancestry]
  3390 | D:5      | Reached XP level 7. HP: 47/47 MP: 12/14
  3437 | D:5      | Reached skill level 5 in Spellcasting
  3519 | D:5      | Noticed a +0 dagger
  3519 | D:5      | Noticed a +0 hand axe
  3527 | D:5      | Found a hide-covered altar of Uskayaw.
  3579 | D:5      | Identified the +5 cloak of the Cuttlefish {rC+}
  3706 | D:5      | Found a staircase to the Ecumenical Temple.
  3891 | Temple   | Entered the Ecumenical Temple
  3910 | Temple   | Became a worshipper of Vehumet
  4369 | D:6      | Reached skill level 5 in Fire Magic
  4548 | D:6      | Reached skill level 6 in Spellcasting
  4548 | D:6      | Reached XP level 8. HP: 53/53 MP: 13/17
  4870 | D:6      | Reached * piety under Vehumet
  4870 | D:6      | Offered knowledge of Freeze by Vehumet.
  4881 | D:6      | Reached skill level 7 in Spellcasting
  5519 | D:7      | Noticed Maurice
  5525 | D:7      | Killed Maurice
  5526 | D:7      | Gained mutation: When hurt, damage is shared between your
                  | health and your magic reserves. [demonic ancestry]
  5526 | D:7      | Reached XP level 9. HP: 58/58 MP: 15/20
  5534 | D:7      | Noticed Joseph
  5546 | D:7      | Killed Joseph
  5564 | D:7      | Reached skill level 8 in Spellcasting
  5576 | D:7      | Killed an unseen horror
  6416 | D:8      | Found a flagged portal.
  6426 | Bailey   | Entered a bailey
  6597 | Bailey   | Offered knowledge of Static Discharge by Vehumet.
  6605 | Bailey   | Reached ** piety under Vehumet
  6823 | Bailey   | Noticed an orc knight
  7044 | Bailey   | Killed an orc knight
  7045 | Bailey   | Reached skill level 1 in Fighting
  7045 | Bailey   | Reached skill level 9 in Spellcasting
  7045 | Bailey   | Gained mutation: Your demonic aura often causes spilled
                  | blood to erupt in flames. [demonic ancestry]
  7045 | Bailey   | Reached XP level 10. HP: 65/65 MP: 18/23
  7507 | D:8      | Reached skill level 5 in Conjurations
  7700 | D:8      | Learned a level 4 spell: Flame Wave
  7700 | D:8      | Reached skill level 10 in Fighting
  7700 | D:8      | Reached XP level 11. HP: 90/90 MP: 24/24
  7899 | D:9      | Offered knowledge of Hailstorm by Vehumet.
  8394 | D:10     | Entered Level 10 of the Dungeon
  8712 | D:10     | Noticed a two-headed ogre
  8731 | D:10     | Noticed a two-headed ogre
  8732 | D:10     | Killed a two-headed ogre
  8738 | D:10     | Killed a two-headed ogre
  8819 | D:10     | Reached *** piety under Vehumet
  9377 | D:11     | Noticed Urug
  9398 | D:11     | Killed Urug
  9399 | D:11     | Reached skill level 10 in Spellcasting
  9516 | D:11     | Noticed a death yak
  9517 | D:11     | Noticed a death yak
  9557 | D:11     | Killed a death yak
  9726 | D:11     | Noticed a death yak
  9727 | D:11     | Noticed a death yak
  9924 | D:11     | Noticed a death yak
  9953 | D:11     | Noticed a two-headed ogre
  9963 | D:11     | Killed a two-headed ogre
 10045 | D:11     | Found a staircase to the Lair.
 10096 | D:11     | Noticed Amaemon
 10110 | D:11     | Killed Amaemon
 10438 | D:11     | Noticed a two-headed ogre
 10448 | D:11     | Killed a two-headed ogre
 10448 | D:11     | Offered knowledge of Airstrike by Vehumet.
 10449 | D:11     | Reached skill level 10 in Fire Magic
 10454 | D:11     | Learned a level 4 spell: Airstrike
 10567 | D:11     | Gained mutation: Your demonic aura causes all spilled blood
                  | to erupt in flames. [demonic ancestry]
 10567 | D:11     | Reached XP level 12. HP: 96/97 MP: 23/26
 10643 | D:11     | Found a staircase to the Orcish Mines.
 11044 | D:11     | Noticed a boulder beetle
 11067 | D:11     | Killed a boulder beetle
 11568 | D:11     | Reached skill level 11 in Spellcasting
 11850 | D:11     | Noticed a death yak
 11851 | D:11     | Killed a death yak
 11851 | D:11     | Noticed a death yak
 11859 | D:11     | Killed a death yak
 11863 | D:11     | Killed a death yak
 11863 | D:11     | Killed a death yak
 11871 | D:11     | Killed a death yak
 11873 | D:11     | Killed a death yak
 11873 | D:11     | Reached **** piety under Vehumet
 12327 | D:12     | Reached skill level 1 in Maces & Flails
 12960 | D:12     | Reached skill level 12 in Spellcasting
 13100 | D:12     | Noticed a two-headed ogre
 13163 | D:12     | Killed a two-headed ogre
 13407 | D:13     | Noticed a centaur warrior
 13617 | D:13     | Killed a centaur warrior
 13618 | D:13     | Gained mutation: You are partially covered in thin metallic
                  | scales. (AC +2) [demonic ancestry]
 13618 | D:13     | Reached XP level 13. HP: 95/104 MP: 25/29
 13688 | D:13     | Offered knowledge of Mephitic Cloud by Vehumet.
 13697 | D:13     | Learned a level 3 spell: Mephitic Cloud
 14288 | D:13     | Found a gate to the Vaults.
 14643 | D:13     | Reached skill level 13 in Spellcasting
 14649 | D:13     | Reached skill level 5 in Dodging
 14856 | D:13     | HP: 1/104 [barbs]
 14857 | D:13     | Succumbed to barbed spike wounds

Illustrated notes

Levels and vault maps discovered:
D:1:      dpeg_arrival_leaves_temple_mockup, layout_rooms,
          basic_ecumenical_altar
D:2:      layout_basic, basic_altar, serial_shops, nicolae_diamond_shop
D:3:      layout_basic, nicolae_elevator_lobby_asterisk
D:4:      minmay_wonky_spiral, layout_rooms, kennysheep_path_1
D:5:      nicolae_cairo_tiling_large, layout_basic, dancing_weapons_uskayaw,
          lemuel_flame_loot_1
D:6:      layout_basic, minmay_lizard_king
D:7:      layout_gridville, serial_park_tiny_pond, minmay_manual_moon,
          uniq_maurice, uniq_joseph
D:8:      layout_basic, enter_bailey_1, item_on_display_a
D:9:      layout_roguey, tso_altar
D:10:     layout_loops_corners
D:11:     layout_basic, dpeg_lair_monsters, orc_0_dummy, portal_ice_cave_rime,
          nicolae_elevator_lobby_plus, uniq_urug, uniq_amaemon
D:12:     layout_roguey
D:13:     layout_basic, erik_vaults_2, hangedman_devilish_allure
Temple:   nicolae_temple_slightly_damp_pantheon

Skill      XL: |  1  2  3  4  5  6  7  8  9 10 11 12 13 |
---------------+----------------------------------------+-----
Fire Magic     | 3 4 5 6 8 10 11 12 | 12.2
Dodging        | 2 3 4 5 |  5.0
Armour         | 1 2 3 4 |  4.8
Spellcasting   | 3 4 6 7 9 10 12 13 | 13.1
Conjurations   | 2 3 4 5 6 7 |  7.0
Stealth        | 2 |  2.4
Fighting       | 1 10 | 10.5
Maces & Flails | 1 2 |  2.1
Unarmed Combat | |  0.5
Air Magic      | |  0.8
Alchemy        | |  0.8

Action                     |  1- 3 |  4- 6 |  7- 9 | 10-12 | 13-15 || total
---------------------------+-------+-------+-------+-------+-------++-------
  Melee: Unarmed           |    31 |     2 |     1 |     9 |       ||    43
         Punch             |     1 |       |       |       |       ||     1
         Whip              |       |       |    44 |    60 |    15 ||   119
   Cast: Foxfire           |    98 |   102 |   135 |   189 |    63 ||   587
         Scorch            |     2 |    23 |   113 |   121 |    45 ||   304
         Flame Wave        |       |       |       |    23 |    12 ||    35
         Airstrike         |       |       |       |     3 |     4 ||     7
         Mephitic Cloud    |       |       |       |       |     3 ||     3
  Evoke: Wand              |       |       |     1 |     1 |       ||     2
    Use: Scroll            |       |       |     8 |     8 |     5 ||    21
         Potion            |       |       |       |     4 |     4 ||     8
   Stab: Confused          |       |       |       |     3 |       ||     3
         Sleeping          |       |       |       |     2 |       ||     2
 Armour: Robe              |    19 |       |       |       |       ||    19
         Leather armour    |     7 |    20 |    96 |     1 |       ||   124
         Steam dragon scal |       |       |       |     3 |       ||     3
         Acid dragon scale |       |       |       |   248 |    84 ||   332
         Skin              |       |       |       |     2 |    10 ||    12
  Dodge: Dodged            |    39 |    19 |    63 |   148 |    47 ||   316

Table legend: (Time is in decaauts)
 A = Elapsed time spent in this place.
 B = Non-inter-level travel time spent in this place.
 C = Inter-level travel time spent in this place.
 D = Time resting spent in this place.
 E = Time spent auto-exploring this place.
 F = Levels seen in this place.
 G = Mean time per level.
                   A        B        C        D        E       F      G
               +--------+--------+--------+--------+--------+-----+--------+
         Total |  14885 |  14434 |    451 |   1962 |   9517 |  15 |  992.3 |
       Dungeon |  14109 |  13696 |    413 |   1754 |   9236 |  13 | 1085.3 |
        Temple |     38 |      1 |     37 |      0 |      0 |   1 |   38.0 |
        Bailey |    736 |    736 |      0 |    208 |    281 |   1 |  736.0 |
               +--------+--------+--------+--------+--------+-----+--------+

Top non-repeatable levels by time:
    D:11: 2628 daAuts
    D:13: 1624 daAuts
    D:10: 1310 daAuts
     D:6: 990 daAuts
     D:8: 948 daAuts
     D:4: 938 daAuts
     D:5: 936 daAuts
    D:12: 916 daAuts
     D:7: 864 daAuts
     D:1: 804 daAuts
     D:3: 784 daAuts
  Bailey: 736 daAuts
     D:9: 703 daAuts
     D:2: 657 daAuts
  Temple: 38 daAuts
